 Dungeon Crawl Stone Soup version 0.30.0 (webtiles) character file.

Game seed: 6727647770975205867

133533 Lutefisk the Stormcaller (level 16, -1/97 HPs)
             Began as a Tengu Air Elementalist on May 6, 2023.
             Was a High Priest of Sif Muna.
             Slain by a demonic crawler (10 damage)
             ... on level 1 of the Spider Nest on May 7, 2023.
             The game lasted 03:27:39 (16716 turns).

Lutefisk the Stormcaller (Tengu Air Elementalist)  Turns: 16716, Time: 03:27:40

Health: -1/97      AC: 11    Str:  9    XL:     16   Next: 82%
Magic:  4/30       EV: 23    Int: 20    God:    Sif Muna [*****.]
Gold:   996        SH: 14    Dex: 18    Spells: 4/33 levels left

rFire   . . .        Y - staff of air
rCold   . . .        t - +2 buckler
rNeg    . . .        w - +0 troll leather armour
rPois   +            (helmet restricted)
rElec   +            B - +2 cloak
rCorr   +            G - +1 pair of gloves "Jack" {Regen+ Stlth+}
SInv    .            (boots unavailable)
Will    +....        T - amulet of reflection
Stlth   ++++         e - ring of poison resistance
HPRegen 1.96/turn    s - ring of resist corrosion
MPRegen 0.22/turn

%: reflection
@: flying quickly and evasively, studying Stealth, quick
A: beak, talons 3, nimble flight
}: 1/15 runes: decaying
a: Renounce Religion, Channel Magic, Forget Spell, Divine Exegesis


You were on level 1 of the Spider Nest.
You worshipped Sif Muna.
Sif Muna was extremely pleased with you.
You visited 6 branches of the dungeon, and saw 28 of its levels.
You also visited: Ossuary and Gauntlet.

You collected 2291 gold pieces.
You spent 1295 gold pieces at shops.

Inventory:

Hand Weapons
 v - a +2 whip of electrocution
 H - the +0 short sword "Qegaac" {pain, rPois rF+ rC++ SInv}
   (You found it on level 5 of the Lair of Beasts)

   rF:        It protects you from fire.
   rC:        It greatly protects you from cold.
   rPois:     It protects you from poison.
   SInv:      It lets you see invisible.
 O - a +4 flail of freezing
Missiles
 a - 4 throwing nets
 f - 4 curare-tipped darts
 g - 35 poisoned darts (quivered)
Armour
 t - a +2 buckler (worn)
 w - a +0 troll leather armour (worn)
 B - a +2 cloak (worn)
 G - the +1 pair of gloves "Jack" (worn) {Regen+ Stlth+}
   (You bought it in a shop on level 12 of the Dungeon)

   Regen:     It increases your rate of health regeneration.
   Stlth:     It makes you more stealthy.
 N - a +0 kite shield
Magical Staves
 h - the staff of death "Joirod" {rN+ Str+3 Int-4 Dex+3}
   (You found it in a Gauntlet)

   [staff of death]

   Base accuracy: +5 Base damage: 5 Base attack delay: 1.2 This weapon's minimum
   attack delay (0.6) is reached at skill level 12.
   Str:       It affects your strength (+3).
   Int:       It affects your intelligence (-4).
   Dex:       It affects your dexterity (+3).
   rN:        It protects you from negative energy.
   It falls into the 'Staves' category.
   It is a one-handed weapon.
 Y - a staff of air (weapon)
Jewellery
 e - a ring of poison resistance (left hand)
 s - a ring of resist corrosion (right hand)
 L - a ring of magical power
 T - an amulet of reflection (around neck)
 X - the ring of the Monkey {rElec rC+ Int+4 Stlth+}
   (You found it in a Gauntlet)

   [ring of protection from cold]

   Int:       It affects your intelligence (+4).
   rC:        It protects you from cold.
   rElec:     It insulates you from electricity.
   Stlth:     It makes you more stealthy.
Wands
 d - a wand of paralysis (48)
 K - a wand of acid (11)
 M - a wand of polymorph (21)
 Q - a wand of mindburst (4)
 R - a wand of flame (13)
 S - a wand of roots (24)
Scrolls
 c - 4 scrolls of vulnerability
 i - 9 scrolls of teleportation
 m - 4 scrolls of enchant weapon
 n - 6 scrolls of immolation
 q - 3 scrolls of brand weapon
 r - 2 scrolls of magic mapping
 u - a scroll of poison
 C - 2 scrolls of fear
 D - 2 scrolls of fog
 E - 4 scrolls of enchant armour
 F - 5 scrolls of identify
 I - 3 scrolls of torment
 P - a scroll of blinking
 Z - a scroll of silence
Potions
 b - 4 potions of magic
 j - 8 potions of mutation
 k - 6 potions of might
 l - 3 potions of heal wounds
 o - 13 potions of curing
 p - a potion of invisibility {unknown}
 x - 8 potions of lignification
 z - 5 potions of haste
 A - a potion of berserk rage
 J - 2 potions of attraction
 V - 2 potions of cancellation
 W - a potion of resistance {unknown}
Miscellaneous
 y - a box of beasts
 U - a phial of floods


   Skills:
 - Level 10.0 Fighting
 - Level 0.4(3.0) Polearms
 - Level 4.9(5.0) Staves
 - Level 1.0 Throwing
 - Level 10.0 Armour
 - Level 14.0 Dodging
 - Level 6.0 Stealth
 - Level 10.0 Shields
 - Level 9.0 Spellcasting
 * Level 14.5 Conjurations
 - Level 0.4 Necromancy
 - Level 1.0 Transmutations
 - Level 2.0 Fire Magic
 - Level 16.0 Air Magic
 - Level 6.0 Invocations
 - Level 6.0 Evocations


You had 4 spell levels left.
You knew the following spells:

 Your Spells              Type           Power      Damage    Failure   Level
a - Shock                 Conj/Air       100%       1d9       1%          1
b - Static Discharge      Conj/Air       100%       2-7/arc   1%          2
c - Swiftness             Air            83%        N/A       1%          3
d - Airstrike             Air            41%        2d(6-22)  1%          4
e - Passwall              Tmut/Erth      9%         N/A       16%         2
f - Sticky Flame          Conj/Fire      42%        2d6       4%          4
g - Arcjolt               Conj/Air       40%        1d50      1%          5
h - Vhi's Electric Charg  Tloc/Air       100%       N/A       1%          3
i - Iskenderun's Battles  Conj           61%        2d11      1%          5

Your spell library contained the following spells:

 Spells                   Type           Power      Damage    Failure   Level
 Foxfire                  Conj/Fire      100%       2x1d9     1%          1
 Magic Dart               Conj           100%       1d8       1%          1
 Poisonous Vapours        Pois/Air       100%       N/A       1%          2
 Searing Ray              Conj           100%       2d8       1%          2
 Dazzling Flash           Conj/Hex       76%        N/A       1%          3
 Hailstorm                Conj/Ice       38%        3d9       1%          3
 Stone Arrow              Conj/Erth      76%        3d11      1%          3
 Fulminant Prism          Conj/Hex       19%        3d10      7%          4
 Beastly Appendage        Tmut           26%        N/A       9%          1
 Scorch                   Fire           34%        2d6       9%          2
 Sting                    Tmut/Pois      44%        1d5       11%         1
 Freeze                   Ice            36%        1d5       13%         1
 Blink                    Tloc           18%        N/A       21%         2
 Ensorcelled Hibernation  Hex/Ice        18%        N/A       21%         2
 Ignite Poison            Fire/Tmut/Pois 13%        N/A       26%         3
 Inner Flame              Hex/Fire       13%        N/A       26%         3
 Spider Form              Tmut/Pois      11%        N/A       32%         3
 Portal Projectile        Hex/Tloc       18%        N/A       36%         3
 Tukima's Dance           Hex            9%         N/A       36%         3
 Ice Form                 Ice/Tmut       11%        N/A       71%         4
 Leda's Liquefaction      Hex/Erth       4%         N/A       78%         4
 Manifold Assault         Tloc           9%         N/A       78%         4
 Olgreb's Toxic Radiance  Pois           9%         N/A       78%         4
 Conjure Ball Lightning   Conj/Air       40%        3x3d13    3%          6
 Fireball                 Conj/Fire      21%        3d10      12%         5
 Irradiate                Conj/Tmut      20%        3d18      16%         5
 Orb of Destruction       Conj           30%        9d10      28%         7
 Plasma Beam              Fire/Air       30%        2x1d47    45%         6
 Starburst                Conj/Fire      21%        6d7       56%         6
 Blade Hands              Tmut           6%         N/A       94%         5
 Yara's Violent Unravell  Hex/Tmut       5%         3d4       96%         5
 Lee's Rapid Deconstruct  Erth           4%         3d5*      98%         5
 Metabolic Englaciation   Hex/Ice        4%         N/A       98%         5
 Summon Forest            Summ/Tloc      4%         N/A       98%         5
 Summon Mana Viper        Hex/Summ       9%         N/A       98%         5
 Storm Form               Tmut/Air       29%        N/A       98%         7
 Summon Cactus Giant      Summ           4%         N/A       100%        6
 Dragon Form              Tmut           6%         N/A       100%        7
 Enfeeble                 Hex            4%         N/A       100%        7
 Borgnjor's Revivificati  Necr           5%         N/A       100%        8
 Ignition                 Fire           8%         3d5       100%        8
 Necromutation            Tmut/Necr      5%         N/A       100%        8
 Death's Door             Necr           5%         N/A       100%        9


Dungeon Overview and Level Annotations

Branches:
Dungeon (15/15)            Temple (1/1) D:5            Lair (5/5) D:11
  Swamp (4/4) Lair:3       Spider (1/4) Lair:3        Slime (0/5) Lair:4
    Orc (2/2) D:12            Elf (0/3) Orc:2        Vaults (0/5) D:13
Ossuary (visited)         Gauntlet (visited)
 Depths: D:15

Altars:
Ashenzari
Cheibriados
Dithmenos
Elyvilon
Gozag
Kikubaaqudgha
Nemelex Xobeh
Okawaru
Qazlal
Ru
Sif Muna
Trog
Vehumet
Wu Jian
Xom
Yredelemnul
Zin
The Shining One
Jiyva

Shops:
D:9 *   D:12 [   Orc:1 **   Orc:2 !!(*

Annotations:
D:5 Edmund
D:6 1 runed translucent door, cheesebisquit's ghost, novice GrHu
D:13 3 runed translucent doors, Dittersdorf's ghost, journeyman MiBe; Lodul
Lair:2 1 runed translucent door, Renzlar's ghost, journeyman GnFi; Urug
Orc:1 1 transporter


Innate Abilities, Weirdness & Mutations

You have a beak for a mouth.
You have claws for feet.
Your magical nature lets you fly swiftly and evasively.


Message History

The demonic crawler attacks as you move away!
The demonic crawler closely misses you. The demonic crawler misses you.
The demonic crawler barely misses you. The demonic crawler hits you.
You block the demonic crawler's attack. x2
The demonic crawler attacks as you move away!
The demonic crawler hits you!
You block the demonic crawler's attack. x2
The demonic crawler attacks as you move away!
The demonic crawler closely misses you. You block the demonic crawler's attack.
The demonic crawler completely misses you.
You completely miss the demonic crawler.
Your kick misses the demonic crawler.
You peck the demonic crawler, but do no damage.
The demonic crawler barely misses you. You block the demonic crawler's attack.
The demonic crawler barely misses you. You block the demonic crawler's attack.
The demonic crawler barely misses you. You block the demonic crawler's attack.
You hit the demonic crawler but do no damage.
The demonic crawler is electrocuted!
You claw the demonic crawler, but do no damage.
You peck the demonic crawler, but do no damage.
The demonic crawler is moderately wounded.
You block the demonic crawler's attack.
The demonic crawler completely misses you.
You block the demonic crawler's attack.
The demonic crawler attacks as you move away!
The demonic crawler hits you! The demonic crawler closely misses you.
The demonic crawler completely misses you.
The demonic crawler attacks as you move away!
You block the demonic crawler's attack. The demonic crawler hits you!
* * * LOW HITPOINT WARNING * * *
The demonic crawler hits you!
* * * LOW HITPOINT WARNING * * *
The demonic crawler attacks as you move away!
You block the demonic crawler's attack. The demonic crawler closely misses you.
The demonic crawler hits you but does no damage.
The demonic crawler barely misses you. The demonic crawler hits you!
* * * LOW HITPOINT WARNING * * *
The demonic crawler closely misses you.
The demonic crawler attacks as you move away!
The demonic crawler hits you!
You die...

#...# #.......#
##..###..#....##
##..#..††..#..#
#......#†.[..#
##...###.....##
##..##.......##
######.......#
##......## ###.##@.###
####ss..###
#.......#######
#........##..^#
##......#.....####
##..............##
##...#..†.......#.#
##..###..#..........
...#...###.............


You could see 2 demonic crawlers.

Vanquished Creatures
  the Lernaean hydra (Swamp:4)
  Jorgrun (D:14)
  Rupert (D:13)
  A thorn hunter (Swamp:4)
  An eleionoma (Swamp:2)
  A bunyip (Swamp:3)
  Azrael (D:14)
  Snorg (D:11)
  Josephine (D:13)
  An entropy weaver (Spider:1)
  A shambling mangrove (Swamp:3)
  Erolcha (D:13)
  11 hydras
  4 ogre magi (Orc:2)
  Harold (D:11)
  A boulder beetle (D:13)
  3 catoblepae (Lair:5)
  16 two-headed ogres
  4 centaur warriors
  8 death yaks
  10 alligators
  Sonja (D:11)
  6 goliath frogs
  4 spriggan druids
  An orb spider (Spider:1)
  2 bog bodies
  A steelbarb worm (Spider:1)
  A wizard (D:13)
  13 swamp dragons
  Pikel (D:8)
  An orc knight (Orc:2)
  2 deep elf pyromancers
  A moth of wrath (shapeshifter) (D:13)
  3 ugly things
  A wolf spider (Spider:1)
  5 will-o-the-wisps
  2 orc sorcerers (Orc:2)
  3 manticores
  A moth of wrath (Spider:1)
  3 cyclopes
  5 black mambas
  Maurice (D:12)
  A gargoyle (D:11)
  6 elephants (Lair:2)
  2 demonic crawlers (Spider:1)
  13 cane toads
  3 unseen horrors
  Maggie (D:9)
  A torpor snail (Spider:1)
  11 komodo dragons
  A kobold demonologist (D:11)
  A freezing wraith (D:11)
  3 rime drakes
  A polar bear (Lair:1)
  6 trolls
  15 hornets
  5 tarantellas (Spider:1)
  6 tyrant leeches
  3 slime creatures (D:8)
  6 blink frogs
  Prince Ribbit (D:9)
  5 jumping spiders
  A culicivora (Spider:1)
  2 shadows
  3 vampires
  16 spriggans
  45 yaks
  3 wyverns
  A redback simulacrum (D:14)
  6 wraiths
  6 basilisks
  15 redbacks (Spider:1)
  A fire elemental (D:14)
  A warg (Orc:2)
  8 vampire mosquitoes
  15 swamp worms
  An acid dragon (D:10)
  3 hell hounds (D:14)
  8 swamp drakes
  16 water moccasins
  An ice beast (D:6)
  11 orc warriors
  A sky beast (D:8)
  25 ogres
  12 centaurs
  3 phantoms
  3 kobold brigands
  10 bullfrogs
  A gnoll sergeant (D:10)
  5 scorpions
  7 wights
  A vampire bat (Orc:1)
  An electric eel (Lair:4)
  7 jellies
  14 orc priests
  2 hounds
  3 iguanas
  A sleepcap (D:5)
  19 orc wizards
  12 mummies (Ossuary)
  7 gnolls
  4 adders
  A shadow imp (D:7)
  A white imp (D:6)
  An ufetubus (D:6)
  A worm (D:2)
  2 dart slugs
  53 orcs
  9 bats
  5 endoplasms
  A giant cockroach (D:2)
  5 goblins
  4 hobgoblins
  4 quokkas
  7 ball pythons
  9 frilled lizards
  4 gnoll skeletons (Ossuary)
  A goblin skeleton (Ossuary)
  16 kobolds
  A kobold skeleton (Ossuary)
  2 orc skeletons (Ossuary)
  6 rats
  11 rat skeletons (Ossuary)
664 creatures vanquished.

Vanquished Creatures (collateral kills)
  2 orc wizards (D:13)
  2 orcs (D:13)
4 creatures vanquished.

Vanquished Creatures (others)
  A spriggan (Swamp:1)
  A bloated husk (Swamp:1)
  A hornet (Swamp:1)
  A hell hound (D:14)
  2 briar patches (Swamp:4)
  4 foxfires
  31 fungi
  62 plants
103 creatures vanquished.

Grand Total: 771 creatures vanquished

Notes
Turn   | Place    | Note
-------+----------+-------------------------------------------
     0 | D:1      | Lutefisk the Tengu Air Elementalist began the quest for the
                  | Orb.
     0 | D:1      | Reached XP level 1. HP: 10/10 MP: 4/4
   115 | D:1      | Reached skill level 1 in Fighting
   115 | D:1      | Reached XP level 2. HP: 16/16 MP: 0/6
   310 | D:1      | Learned a level 2 spell: Static Discharge
   402 | D:1      | Reached XP level 3. HP: 21/21 MP: 5/7
   440 | D:1      | Learned a level 3 spell: Swiftness
   541 | D:2      | Found a snail-covered altar of Cheibriados.
   731 | D:2      | You fall into a shaft and drop 1 floor!
   787 | D:3      | Reached skill level 5 in Air Magic
   805 | D:3      | Reached XP level 4. HP: 25/26 MP: 3/8
   873 | D:3      | HP: 1/26 [orc priest/divine providence (10)]
  1175 | D:4      | Reached skill level 1 in Armour
  1358 | D:3      | Gained mutation: Your magical nature lets you fly swiftly
                  | and evasively. [Tengu growth]
  1358 | D:3      | Reached XP level 5. HP: 28/30 MP: 0/9
  1411 | D:4      | Reached skill level 6 in Air Magic
  1451 | D:4      | Found a sacrificial altar of Ru.
  1495 | D:4      | Noticed a phantom
  1514 | D:4      | Killed a phantom
  1515 | D:4      | Reached XP level 6. HP: 37/37 MP: 3/10
  1688 | D:4      | Found a glowing silver altar of Zin.
  1780 | D:5      | Entered Level 5 of the Dungeon
  1790 | D:5      | Reached skill level 7 in Air Magic
  1821 | D:5      | Reached XP level 7. HP: 31/41 MP: 4/11
  1823 | D:5      | Reached skill level 8 in Air Magic
  1823 | D:5      | Reached skill level 1 in Throwing
  2083 | D:5      | Found a staircase to the Ecumenical Temple.
  2088 | Temple   | Entered the Ecumenical Temple
  2095 | Temple   | Became a worshipper of Sif Muna the Loreminder
  2123 | D:5      | Learned a level 4 spell: Airstrike
  2265 | D:5      | Noticed Edmund
  2331 | D:6      | Reached skill level 1 in Invocations
  2331 | D:6      | Reached XP level 8. HP: 46/48 MP: 4/13
  2436 | D:6      | Found an ornate altar of the Wu Jian Council.
  2496 | D:6      | Reached skill level 5 in Conjurations
  2522 | D:6      | Found a sand-covered staircase.
  2526 | Ossuary  | Entered an ossuary
  2593 | Ossuary  | Reached * piety under Sif Muna
  2914 | D:6      | Found a snail-covered altar of Cheibriados.
  2917 | D:6      | Found a broken altar of Ashenzari.
  2923 | D:6      | Reached skill level 5 in Fighting
  2932 | D:6      | Found a runed translucent door.
  2939 | D:6      | Noticed cheesebisquit's ghost (novice GrHu)
  3048 | D:7      | Noticed a troll
  3051 | D:7      | Killed a troll
  3052 | D:7      | Reached skill level 9 in Air Magic
  3157 | D:7      | Found an iron altar of Okawaru.
  3254 | D:7      | Reached XP level 9. HP: 54/54 MP: 9/14
  3269 | D:7      | Found an ancient bone altar of Kikubaaqudgha.
  3335 | D:7      | Identified the +0 leather armour of Unatoefu {Regen+ rCorr
                  | Int-5 Dex+8}
  3395 | D:8      | Reached ** piety under Sif Muna
  3421 | D:8      | Reached skill level 10 in Air Magic
  3454 | D:8      | Reached skill level 5 in Dodging
  3509 | D:8      | Learned a level 2 spell: Passwall
  3515 | D:8      | Noticed Pikel
  3525 | D:8      | Killed Pikel
  3526 | D:8      | Reached skill level 1 in Transmutations
  3619 | D:8      | Reached skill level 5 in Armour
  4064 | D:9      | Found Rige's Assorted Antiques.
  4067 | D:9      | Bought a scroll of teleportation for 96 gold pieces
  4067 | D:9      | Bought a coppery potion for 28 gold pieces
  4161 | D:9      | Reached skill level 1 in Evocations
  4161 | D:9      | Reached XP level 10. HP: 59/59 MP: 8/17
  4221 | D:9      | Noticed Prince Ribbit
  4224 | D:9      | Killed Prince Ribbit
  4296 | D:9      | Noticed Maggie
  4444 | D:9      | Killed Maggie
  4632 | D:10     | Entered Level 10 of the Dungeon
  4687 | D:10     | Found a stormy altar of Qazlal.
  4713 | D:10     | Noticed a two-headed ogre
  4724 | D:10     | Killed a two-headed ogre
  4725 | D:10     | Reached skill level 11 in Air Magic
  4837 | D:10     | Found a shimmering altar of Xom.
  4954 | D:10     | Identified the +1 robe of the Learner {Int+3}
  5213 | D:10     | Reached skill level 12 in Air Magic
  5216 | D:10     | Reached *** piety under Sif Muna
  5415 | D:11     | Reached XP level 11. HP: 61/64 MP: 8/18
  5511 | D:11     | Noticed Snorg
  5560 | D:11     | Reached skill level 5 in Spellcasting
  5595 | D:11     | Noticed Sonja
  5598 | D:11     | Killed Sonja
  5601 | D:11     | Noticed Harold
  5725 | D:11     | Found a staircase to the Lair.
  5730 | D:11     | Noticed a centaur warrior
  5814 | Lair:1   | Entered Level 1 of the Lair of Beasts
  6245 | Lair:1   | Reached skill level 5 in Evocations
  6343 | Lair:2   | Found a runed translucent door.
  6343 | Lair:2   | Noticed Renzlar's ghost (journeyman GnFi)
  6344 | Lair:2   | Noticed a seven-headed hydra
  6433 | Lair:2   | Killed a seven-headed hydra
  6457 | Lair:2   | Reached skill level 5 in Invocations
  6699 | Lair:2   | Reached XP level 12. HP: 26/70 MP: 4/22
  6916 | Lair:2   | Noticed a death yak
  6951 | Lair:2   | Noticed Urug
  7152 | Lair:3   | Reached **** piety under Sif Muna
  7405 | Lair:3   | Found a staircase to the Swamp.
  7405 | Lair:3   | Noticed a five-headed hydra
  7465 | Lair:2   | Reached skill level 10 in Conjurations
  7679 | Lair:2   | Killed a death yak
  7681 | Lair:2   | Reached skill level 10 in Dodging
  7769 | Lair:3   | Killed a five-headed hydra
  7985 | Lair:3   | Found a hole to the Spider Nest.
  8114 | Lair:4   | You are sucked into a shaft and drop 1 floor!
  8114 | Lair:5   | Entered Level 5 of the Lair of Beasts
  8239 | Lair:5   | Noticed a catoblepas
  8257 | Lair:5   | Found a gate leading to a gauntlet.
  8266 | Lair:5   | Reached XP level 13. HP: 78/78 MP: 9/23
  8277 | Gauntlet | Entered a Gauntlet
  8277 | Gauntlet | Found a transporter.
  8282 | Gauntlet | Found a transporter.
  8283 | Gauntlet | Found a transporter.
  8296 | Gauntlet | Found a transporter.
  8298 | Gauntlet | Found a transporter.
  8304 | Gauntlet | Found a runed translucent gate.
  8304 | Gauntlet | Found a runed translucent gate.
  8304 | Gauntlet | Found a runed translucent gate.
  8307 | Gauntlet | Found a transporter.
  8323 | Gauntlet | Found a transporter.
  8333 | Gauntlet | Found a transporter.
  8337 | Gauntlet | Found a transporter.
  8340 | Gauntlet | Found a transporter.
  8351 | Gauntlet | Found a transporter.
  8354 | Gauntlet | Found a transporter.
  8373 | Gauntlet | Noticed a blizzard demon
  8376 | Gauntlet | Found a transporter.
  8390 | Gauntlet | Found a transporter.
  8436 | Gauntlet | Identified the staff of death "Joirod" {rN+ Str+3 Int-4
                  | Dex+3}
  8607 | Gauntlet | Identified the ring of the Monkey {rElec rC+ Int+4 Stlth+}
  8670 | Gauntlet | Noticed a minotaur
  8716 | Gauntlet | Identified the +0 leather armour of Hoeliuwo {Int+3}
  8818 | Lair:5   | Reached skill level 1 in Staves
  8947 | Lair:5   | Reached ***** piety under Sif Muna
  8952 | Lair:5   | Received a gift from Sif Muna
  8953 | Lair:5   | Got Sif Muna's Reference Book on the Fifth Circle {god
                  | gift}
  9032 | Lair:5   | Learned a level 4 spell: Sticky Flame
  9131 | Lair:5   | Reached skill level 1 in Fire Magic
  9166 | Lair:5   | Reached skill level 5 in Stealth
  9724 | Lair:5   | Reached skill level 10 in Armour
  9855 | Lair:5   | Identified the +0 short sword "Qegaac" {pain, rPois rF+
                  | rC++ SInv}
 10320 | Lair:4   | Found a viscous altar of Jiyva.
 10321 | Lair:4   | Found a staircase to the Slime Pits.
 10639 | D:10     | Reached XP level 14. HP: 85/87 MP: 6/24
 10769 | D:11     | Reached skill level 10 in Fighting
 10902 | D:12     | Noticed Maurice
 10914 | D:12     | Killed Maurice
 11057 | D:12     | Found Xugrouju's Antique Armour Shop.
 11065 | D:12     | Bought a pair of steaming gloves for 304 gold pieces
 11065 | D:12     | Identified the +1 pair of gloves "Jack" {Regen+ Stlth+}
                  | (You bought it in a shop on level 12 of the Dungeon)
 11120 | D:13     | Noticed Rupert
 11178 | D:13     | Found a runed translucent gate.
 11178 | D:13     | Found a runed translucent gate.
 11178 | D:13     | Found an opulent altar of Gozag.
 11178 | D:13     | Found a runed translucent gate.
 11178 | D:13     | Noticed Dittersdorf's ghost (journeyman MiBe)
 11195 | D:13     | Noticed Erolcha
 11200 | D:13     | Killed Erolcha
 11260 | D:13     | Learned a level 5 spell: Arcjolt
 11267 | D:13     | Paralysed by Rupert for 3 turns
 11290 | D:13     | Killed Rupert
 11336 | D:13     | Learned a level 3 spell: Vhi's Electric Charge
 11633 | D:14     | Noticed Azrael
 11671 | D:14     | Received a gift from Sif Muna
 11698 | D:14     | Killed Azrael
 11752 | D:14     | Got Sif Muna's Directory of Composition and Hypothermia
                  | {god gift}
 11801 | D:14     | Noticed Jorgrun
 11813 | D:14     | Killed Jorgrun
 11832 | D:15     | Entered Level 15 of the Dungeon
 12022 | D:13     | Noticed Josephine
 12047 | D:13     | Killed Josephine
 12214 | D:13     | Found a gate to the Vaults.
 12269 | D:13     | Noticed Lodul
 12416 | D:11     | Killed Harold
 12472 | D:11     | Reached skill level 13 in Air Magic
 12691 | D:11     | Killed Snorg
 12764 | D:12     | Found a staircase to the Orcish Mines.
 12793 | Orc:1    | Entered Level 1 of the Orcish Mines
 12846 | Orc:1    | Found Ehocs's Specific Store.
 12850 | Orc:1    | Found Ejerchiur's General Store.
 12894 | Orc:1    | Bought a potion of mutation for 88 gold pieces
 12918 | Orc:1    | Found a transporter.
 13146 | Orc:2    | Entered Level 2 of the Orcish Mines
 13148 | Orc:2    | Found Ulatixir's Antique Weapon Shop.
 13148 | Orc:2    | Found Plog's Assorted Antiques.
 13148 | Orc:2    | Found Zibliug's Distillery.
 13148 | Orc:2    | Found Umuth's Book Shop.
 13160 | Orc:2    | Reached skill level 14 in Air Magic
 13163 | Orc:2    | Reached XP level 15. HP: 65/92 MP: 20/28
 13165 | Orc:2    | Reached skill level 15 in Air Magic
 13287 | Orc:2    | Received a gift from Sif Muna
 13314 | Orc:2    | Got Sif Muna's Collected Works on Venom and the Dragon {god
                  | gift}
 13317 | Orc:2    | Found Niemeb's Distillery.
 13377 | Orc:2    | Found a staircase to the Elven Halls.
 13436 | Orc:2    | Bought 2 potions of haste for 260 gold pieces
 13436 | Orc:2    | Bought a potion of curing for 39 gold pieces
 13593 | Orc:2    | Bought a potion of curing for 48 gold pieces
 13593 | Orc:2    | Bought a potion of mutation for 128 gold pieces
 13593 | Orc:2    | Bought 2 potions of curing for 96 gold pieces
 13593 | Orc:2    | Bought a potion of curing for 48 gold pieces
 13593 | Orc:2    | Bought a potion of haste for 160 gold pieces
 13714 | Swamp:1  | Entered Level 1 of the Swamp
 13726 | Swamp:1  | Reached skill level 1 in Shields
 14282 | Swamp:2  | Reached skill level 5 in Shields
 14922 | Swamp:2  | Received a gift from Sif Muna
 15075 | Swamp:2  | Reached XP level 16. HP: 97/97 MP: 2/29
 15356 | Swamp:4  | Entered Level 4 of the Swamp
 15593 | Swamp:4  | Reached skill level 10 in Shields
 15899 | Swamp:4  | Noticed the 27-headed Lernaean hydra
 15954 | Swamp:4  | Killed the 27-headed Lernaean hydra
 15980 | Swamp:4  | Noticed a thorn hunter
 16092 | Swamp:4  | Killed a thorn hunter
 16213 | Swamp:4  | Reached skill level 16 in Air Magic
 16229 | Swamp:4  | Got a decaying rune of Zot
 16480 | Spider:1 | Entered Level 1 of the Spider Nest
 16495 | Spider:1 | Received a gift from Sif Muna
 16496 | Spider:1 | Got Jiekkyll's Excursus on Iron Damage {god gift}
 16503 | Spider:1 | Learned a level 5 spell: Iskenderun's Battlesphere
 16618 | Spider:1 | Identified the +4 scale mail "Ahyq" {Fly rCorr}
 16716 | Spider:1 | Slain by a demonic crawler

Illustrated notes

Levels and vault maps discovered:
D:1:      minmay_arrival_four_houses, layout_loops_ring, nicolae_grassy_gnolls
D:2:      layout_rooms, basic_altar, minmay_lizard_pond
D:3:      layout_rooms, minmay_misc_feat_rugged
D:4:      layout_basic, mainiacjoe_overflow_24_doors,
          mainiacjoe_overflow_catch_the_wave
D:5:      layout_cave_pools, temple_doors_e, minivault_4,
          sigmund_edmund_badplayer
D:6:      layout_loops_cross, grunt_temple_overflow_open,
          mainiacjoe_overflow_six_doors_small, nicolae_ossuary_entry_plus,
          hellmonk_ghost_happy_afterlife
D:7:      layout_basic, tgw_kikubaaqudgha, lemuel_coloured_pillars_altar,
          serial_shops, nicolae_shop_pleasant_corner_grove
D:8:      layout_basic, uniq_pikel
D:9:      layout_basic, serial_shops, kennysheep_mini_moat, uniq_maggie,
          uniq_prince_ribbit1
D:10:     layout_rooms, mainiacjoe_overflow_alcove_2, grunt_qazlal_clouds
D:11:     layout_small_grid, lair_entry_dummy, chequers_arboretum,
          minmay_starry_boxes, uniq_harold, uniq_snorg, uniq_sonja
D:12:     layout_rooms, minmay_orc_entry_temple_small, serial_shops, shop,
          serial_curves, eino_curves_02, eino_curves_02, uniq_maurice
D:13:     layout_stronghold, david_vaults_1, ebering_ghost_gozag,
          uniq_josephine, uniq_erolcha, uniq_rupert, uniq_lodul
D:14:     layout_cave_pools, amethyst_killhole, uniq_azrael, uniq_jorgrun
D:15:     hangedman_depths_entry_civil_slaughter, layout_rooms,
          minmay_misc_feat_square, uniq_kirke
Temple:   nicolae_temple_x_marks_the_god
Lair:1:   layout_loops_ring, chequers_serial_rivers_micro_a, lemuel_fruit_fields
Lair:2:   nzn_winding_woodlands_small [nzn_winding_woodlands_5x15_zeroes,
          nzn_winding_woodlands_center_garden,
          nzn_winding_woodlands_5x15_lazy_stream], layout_misc_corridors,
          ebering_ghost_inner_flame, uniq_urug
Lair:3:   layout_gridlike, minmay_swamp_entry_reptiles, spider_nest_entry_a
Lair:4:   layout_cave_pods, nicolae_slime_entry_slimehenge,
          serial_bayou_shore_b, lemuel_fruit_tree, grunt_megastairs_3,
          infiniplex_staircase_pool
Lair:5:   evilmike_catoblepas_cave, layout_long_grid, gauntlet_entry_generic
Swamp:1:  layout_falls_marsh, hangedman_swamp_lotus
Swamp:2:  layout_basic_swamp, hangedman_swamp_ruin_hall, swamp_pool1
Swamp:3:  layout_basic_swamp, evilmike_swamp_ruin_house_5, swamp_pool4,
          nicolae_swamp_drake_lake
Swamp:4:  swamp_old_school, layout_basic_swamp
Spider:1: layout_spider_delve
Orc:1:    emtedronai_trogs_sanctum, layout_caves, nicolae_orc_lava_tube,
          roderic_batcave, nicolae_specific_store
Orc:2:    st_orc_ogre_mass, layout_caves, serial_shops, shop

Skill      XL: |  1  2  3  4  5  6  7  8  9 10 11 12 13 14 15 16 |
---------------+-------------------------------------------------+-----
Fighting       | 1 2 3 4 5 6 8 9 10 | 10.0
Conjurations   | 2 3 4 5 6 8 10 12 14 | 14.5
Air Magic      | 5 6 7 8 9 10 12 14 15 16 | 16.0
Armour         | 1 2 3 6 7 8 10 | 10.0
Throwing       | 1 |  1.0
Dodging        | 3 4 6 7 8 10 12 14 | 14.0
Stealth        | 3 4 6 |  6.0
Invocations    | 1 2 3 5 6 |  6.0
Spellcasting   | 3 4 6 8 9 |  9.0
Transmutations | 1 |  1.0
Evocations     | 1 4 5 6 |  6.0
Staves         | 4 |  4.9
Fire Magic     | 2 |  2.0
Shields        | 8 10 | 10.0
Polearms       | |  0.4
Necromancy     | |  0.4

Action                     |  1- 3 |  4- 6 |  7- 9 | 10-12 | 13-15 | 16-18 || total
---------------------------+-------+-------+-------+-------+-------+-------++-------
  Melee: Club              |    17 |       |       |       |       |       ||    17
         Peck              |     2 |     4 |    10 |    34 |   137 |    56 ||   243
         Kick              |     1 |     4 |    20 |    71 |   208 |    82 ||   386
         Whip              |     1 |       |     1 |       |       |       ||     2
         Trident           |       |    19 |     6 |       |       |       ||    25
         Unarmed           |       |       |     3 |       |       |       ||     3
         Mace              |       |       |    52 |       |       |       ||    52
         Punch             |       |       |     1 |     7 |     9 |       ||    17
         Flail             |       |       |       |   164 |     4 |       ||   168
         Staff             |       |       |       |       |   501 |   205 ||   706
         Short sword       |       |       |       |       |     9 |       ||     9
  Throw: Dart              |     3 |     7 |    20 |    59 |    34 |     2 ||   125
   Cast: Shock             |    51 |    62 |   134 |    76 |    41 |    11 ||   375
         Swiftness         |       |     1 |       |     2 |     4 |     1 ||     8
         Static Discharge  |       |     3 |    15 |    65 |   141 |    54 ||   278
         Airstrike         |       |       |    17 |   125 |   211 |    51 ||   404
         Arcjolt           |       |       |       |       |    37 |    17 ||    54
         Sticky Flame      |       |       |       |       |     1 |     1 ||     2
         Vhi's Electric Ch |       |       |       |       |     2 |       ||     2
         Iskenderun's Batt |       |       |       |       |       |     1 ||     1
 Invoke: Channel Magic     |       |       |     1 |     1 |     6 |     4 ||    12
  Evoke: Wand              |       |       |     1 |     5 |    17 |    15 ||    38
         Box of beasts     |       |       |       |       |     1 |     1 ||     2
    Use: Scroll            |       |       |     7 |    17 |    10 |     2 ||    36
         Potion            |       |       |       |       |     2 |     2 ||     4
   Stab: Sleeping          |     1 |       |     2 |     3 |     2 |     3 ||    11
         Paralysed         |       |       |       |    13 |       |       ||    13
         Distracted        |       |       |       |     1 |     2 |       ||     3
 Armour: Robe              |     3 |       |       |       |       |       ||     3
         Leather armour    |       |     7 |    14 |    15 |       |       ||    36
         Ring mail         |       |       |     2 |       |       |       ||     2
         Troll leather arm |       |       |       |    25 |   126 |    79 ||   230
  Dodge: Dodged            |    29 |    20 |    76 |   224 |   553 |   371 ||  1273
  Block: Other             |       |       |       |    30 |   120 |       ||   150
         Reflection        |       |       |       |       |     7 |     4 ||    11
         Buckler           |       |       |       |       |    93 |   289 ||   382
